 Dungeon Crawl Stone Soup version 0.28-a0-1493-g08698888e4 (webtiles) character file.

Game seed: 12695567972035275896

11454 bande the Cleaver (level 11, -8/67 HPs)
             Began as a Gargoyle Fighter on Jan 12, 2022.
             Was a High Priest of Okawaru.
             Mangled by a seven-headed hydra (12 damage)
             ... on level 2 of the Lair of Beasts.
             The game lasted 00:29:42 (21312 turns).

bande the Cleaver (Gargoyle Fighter)               Turns: 21312, Time: 00:29:43

Health: -8/67      AC: 24    Str: 21    XL:     11   Next: 78%
Magic:  18/18      EV: 10    Int: 11    God:    Okawaru [*****.]
Gold:   1758       SH: 11    Dex: 13    Spells: 10/10 levels left

rFire   . . .      SeeInvis .   y - +2 morningstar
rCold   + + .      Faith    .   c - +0 buckler
rNeg    + + .      Spirit   .   m - +6 ring mail of Bewaink {rC+ rN+ Int+3}
rPois   ∞          Reflect  +   (helmet restricted)
rElec   +          Harm     .   i - +2 cloak {Stlth+}
rCorr   .          Rampage  .   (no gloves)
Will    +....                   (no boots)
Stlth   ++........              q - amulet of reflection
HPRegen 0.21/turn               h - ring of protection from cold
MPRegen 0.16/turn               (no ring)

@: about to teleport
A: sickness immunity, AC +8, negative energy resistance 1, electricity
resistance, torment resistance 1, petrification resistance, antennae 1, high mp
1, strong-willed 1
a: Renounce Religion, Heroism, Finesse, Duel


You were on level 2 of the Lair of Beasts.
You worshipped Okawaru.
Okawaru was extremely pleased with you.
You visited 3 branches of the dungeon, and saw 13 of its levels.

You collected 1758 gold pieces.

Inventory:

Hand Weapons
 a - a +0 war axe of protection
 x - a +3 broad axe of venom
 y - a +2 morningstar (weapon)
Armour
 c - a +0 buckler (worn)
 i - a +2 cloak of stealth (worn)
 m - the +6 ring mail of Bewaink (worn) {rC+ rN+ Int+3}
   (You found it on level 2 of the Lair of Beasts)

   Int:       It affects your intelligence (+3).
   rC:        It protects you from cold.
   rN:        It protects you from negative energy.
 u - an orb of mayhem
Jewellery
 h - a ring of protection from cold (left hand)
 q - an amulet of reflection (around neck)
 v - an amulet of the acrobat
 z - an amulet of guardian spirit
 B - a ring of ice
Wands
 g - a wand of flame (10)
 l - a wand of acid (7)
Scrolls
 b - 7 scrolls of identify
 e - 3 scrolls of teleportation
 k - 4 scrolls of fog
 n - a scroll of blinking
Potions
 d - 3 potions of might
 f - 2 potions of curing
 o - 2 potions of mutation
 r - a potion of brilliance
 t - a potion of cancellation
 w - 7 potions of ambrosia
 C - 2 potions of haste
 D - a potion of flight
Miscellaneous
 A - a phantom mirror


   Skills:
 + Level 7.2 Fighting
 + Level 9.9 Axes
 + Level 8.9 Armour
 + Level 8.1 Shields
 * Level 7.5 Invocations
 * Level 6.1 Evocations


You had 10 spell levels left.
You didn't know any spells.
Your spell library contained the following spells:

 Spells                   Type           Power      Damage    Failure   Level
 Freeze                   Ice            0%         1d3       56%         1
 Dazzling Flash           Conj/Hex       0%         N/A       90%         3
 Frozen Ramparts          Ice            0%         1d2       90%         3
 Airstrike                Air            0%         N/A       100%        4
 Hailstorm                Conj/Ice       0%         3d3       100%        4
 Iskenderun's Mystic Bla  Conj/Tloc      0%         2d3       100%        4
 Lightning Bolt           Conj/Air       0%         1d11      100%        5
 Starburst                Conj/Fire      0%         6d3       100%        6
 Summon Lightning Spire   Summ/Air       Unusable   N/A       N/A         4

Dungeon Overview and Level Annotations

Branches:
Dungeon (10/15)            Temple (1/1) D:4            Lair (2/6) D:10
 Spider (0/4) Lair:2          Orc (0/2) D:9
  Swamp: Lair:2-4    Shoals: Lair:2-4     Snake: Lair:2-4

Altars:
Ashenzari
Cheibriados
Makhleb
Nemelex Xobeh
Okawaru
Qazlal
Sif Muna
Vehumet
Yredelemnul
Zin
Beogh

Shops:
D:5 ((?   D:7 *

Annotations:
Lair:1 2 transporters


Innate Abilities, Weirdness & Mutations

You are immune to sickness and miasma.
Your stone body is resilient. (AC +8)
You are immune to poison.
You resist negative energy. (rN+)
You are resistant to electric shocks. (rElec)
You are resistant to unholy torment.
You are immune to petrification.
You have a pair of small antennae on your head.
You have an increased reservoir of magic. (+10% MP)
You are strong-willed. (Will+)


Message History

The blink frog hits you.
* * * LOW HITPOINT WARNING * * *
The blink frog blinks!
The seven-headed hydra bites you but does no damage. x4
The seven-headed hydra bites you!
* * * LOW HITPOINT WARNING * * *
The seven-headed hydra closely misses you.
The seven-headed hydra barely misses you.
Unknown command.
The seven-headed hydra bites you.
* * * LOW HITPOINT WARNING * * *
The seven-headed hydra bites you but does no damage. x3
The seven-headed hydra completely misses you.
The seven-headed hydra closely misses you.
The seven-headed hydra bites you but does no damage.
You feel better.
You feel less invigorated.
A nearby plant withers and dies.
You block the seven-headed hydra's attack.
The seven-headed hydra bites you but does no damage.
The seven-headed hydra bites you.
* * * LOW HITPOINT WARNING * * *
You block the seven-headed hydra's attack.
The seven-headed hydra bites you but does no damage. x3
You feel better. The seven-headed hydra bites you.
* * * LOW HITPOINT WARNING * * *
The seven-headed hydra bites you but does no damage.
The seven-headed hydra closely misses you.
You block the seven-headed hydra's attack.
The seven-headed hydra bites you but does no damage.
The seven-headed hydra bites you.
* * * LOW HITPOINT WARNING * * *
The seven-headed hydra bites you but does no damage.
As you read the scroll of teleportation, it crumbles to dust.
You feel strangely unstable. The blink frog barely misses you.
The blink frog blinks!
You block the blink frog's attack. The seven-headed hydra bites you.
* * * LOW HITPOINT WARNING * * *
The seven-headed hydra bites you.
* * * LOW HITPOINT WARNING * * *
The seven-headed hydra bites you!
You die...

######## ######
.##.##P####P##.####
............F..D@.#
......^^..^....#F.#
.....^^.^^.....#..#
....^^.^^^.....$§..#
...^.^^.^^^..^.....#
....^^.^^^..........#
...^^...>^.^^^.....##
#.#...^..^.^......##
..^.^^...^....#


You could see a seven-headed hydra and 2 blink frogs.

Vanquished Creatures
  2 two-headed ogres
  Pikel (D:5)
  A black mamba (Lair:1)
  A queen bee (Lair:1)
  A hornet (D:4)
  Grinder (D:5)
  A blink frog (Lair:2)
  A shadow (D:10)
  9 yaks (D:10)
  A wyvern (D:7)
  2 steam dragons
  6 water moccasins
  5 orc warriors
  A black bear (D:5)
  An ice beast (D:6)
  A sky beast (D:6)
  2 centaurs
  3 ogres
  6 phantoms
  2 kobold brigands
  10 bullfrogs
  2 wyvern zombies
  5 scorpions
  A water moccasin skeleton (D:5)
  30 killer bees
  7 wights
  A howler monkey (D:9)
  4 centaur zombies
  2 hounds
  A bullfrog skeleton (D:6)
  9 orc priests
  Crazy Yiuf (D:2)
  A jelly (D:6)
  Jessica (D:3)
  4 iguanas
  8 orc wizards
  A killer bee zombie (D:6)
  A hound skeleton (D:5)
  2 howler monkey zombies
  Robin (D:2)
  5 gnolls
  3 adders
  3 shadow imps
  A white imp (D:6)
  An ufetubus (D:7)
  A worm (D:4)
  4 dart slugs
  23 orcs
  4 ball pythons
  5 endoplasms
  A giant cockroach (D:2)
  18 goblins
  8 hobgoblins
  4 jackals (D:3)
  7 quokkas
  5 bats
  3 frilled lizards
  12 kobolds
  2 rats
250 creatures vanquished.

Vanquished Creatures (others)
  A fungus (D:10)
  9 plants
10 creatures vanquished.

Grand Total: 260 creatures vanquished

Notes
Turn   | Place    | Note
-------+----------+-------------------------------------------
     0 | D:1      | bande the Gargoyle Fighter began the quest for the Orb.
     0 | D:1      | Reached XP level 1. HP: 14/14 MP: 1/1
   137 | D:1      | Reached skill level 2 in Axes
   137 | D:1      | Reached XP level 2. HP: 5/19 MP: 2/2
   857 | D:1      | Reached XP level 3. HP: 21/23 MP: 3/3
  1390 | D:2      | Noticed Robin
  1632 | D:1      | Reached XP level 4. HP: 11/29 MP: 4/4
  2106 | D:1      | Reached skill level 3 in Axes
  2347 | D:2      | Killed Robin
  2353 | D:2      | Reached XP level 5. HP: 33/33 MP: 5/5
  2570 | D:2      | Found a runed translucent door.
  2575 | D:2      | Noticed Crazy Yiuf
  2764 | D:2      | Killed Crazy Yiuf
  3143 | D:3      | Noticed Jessica
  3154 | D:3      | Killed Jessica
  3155 | D:3      | Reached skill level 4 in Axes
  3158 | D:3      | Reached XP level 6. HP: 27/38 MP: 6/6
  3792 | D:3      | Found a faded altar of an unknown god.
  4254 | D:4      | Found a staircase to the Ecumenical Temple.
  4254 | D:4      | Noticed a water moccasin
  4278 | D:3      | Killed a water moccasin
  4658 | Temple   | Entered the Ecumenical Temple
  4717 | Temple   | Became a worshipper of Warmaster Okawaru
  5231 | D:4      | Reached XP level 7. HP: 30/44 MP: 7/7
  5242 | D:4      | Reached skill level 5 in Armour
  5242 | D:4      | Reached skill level 1 in Invocations
  5686 | D:4      | Reached skill level 1 in Evocations
  5879 | D:4      | Reached skill level 5 in Axes
  6006 | D:4      | Gained mutation: You have hidden genetic potential. [potion
                  | of mutation]
  6006 | D:4      | Gained mutation: You are strong-willed. (Will+) [potion of
                  | mutation]
  6056 | D:5      | Entered Level 5 of the Dungeon
  6059 | D:5      | Found a glowing silver altar of Zin.
  6060 | D:5      | Noticed a hornet
  6088 | D:4      | Killed a hornet
  6089 | D:4      | Reached XP level 8. HP: 10/48 MP: 9/9
  7010 | D:5      | Reached * piety under Okawaru
  7011 | D:5      | Reached skill level 5 in Fighting
  7011 | D:5      | Reached skill level 5 in Shields
  7012 | D:5      | Gained mutation: You have a pair of small antennae on your
                  | head. [hidden potential]
  7098 | D:5      | Noticed Grinder
  7106 | D:5      | Paralysed by Grinder for 5 turns
  7125 | D:5      | Killed Grinder
  7126 | D:5      | Reached skill level 6 in Axes
  7606 | D:5      | Found Vetigroyga's Antique Weapon Shop.
  7637 | D:5      | Reached XP level 9. HP: 54/54 MP: 11/11
  8023 | D:5      | Found Jiqus's Magic Scroll Shoppe.
  8491 | D:5      | Found Vuki's Weapon Shoppe.
  8650 | D:6      | Noticed Pikel
  8676 | D:5      | Killed Pikel
  8676 | D:5      | Reached ** piety under Okawaru
  8677 | D:5      | Reached skill level 7 in Axes
  8694 | D:5      | Gained mutation: You have an increased reservoir of magic.
                  | (+10% MP) [hidden potential]
  8694 | D:5      | Lost mutation: You have hidden genetic potential. [hidden
                  | potential expressed]
 10599 | D:6      | Reached *** piety under Okawaru
 10751 | D:6      | Found a radiant altar of Vehumet.
 11181 | D:6      | Found a broken altar of Ashenzari.
 11253 | D:7      | Reached skill level 5 in Invocations
 11486 | D:7      | Reached XP level 10. HP: 34/60 MP: 15/15
 11888 | D:7      | Found Oroipp's Assorted Antiques.
 12492 | D:8      | Reached skill level 8 in Axes
 12785 | D:8      | Identified the +7 ring mail "Tig Ytem" {Harm rPois Dex-5}
 12786 | D:8      | Noticed a two-headed ogre
 12818 | D:7      | Received a gift from Okawaru
 13266 | D:8      | Killed a two-headed ogre
 13266 | D:8      | Reached **** piety under Okawaru
 14398 | D:8      | Identified a scroll of acquirement
 14398 | D:8      | Acquired a +3 broad axe of venom
 15326 | D:9      | Noticed a two-headed ogre
 15337 | D:9      | Killed a two-headed ogre
 15337 | D:9      | Reached ***** piety under Okawaru
 15338 | D:9      | Reached skill level 5 in Evocations
 15834 | D:9      | Found a staircase to the Orcish Mines.
 15866 | D:9      | Reached XP level 11. HP: 32/66 MP: 17/17
 16119 | D:9      | Reached skill level 9 in Axes
 16524 | D:10     | Entered Level 10 of the Dungeon
 16542 | D:10     | Acquired 1220 gold pieces
 18543 | D:10     | Found a staircase to the Lair.
 19346 | Lair:1   | Entered Level 1 of the Lair of Beasts
 19434 | Lair:1   | Found an iron altar of Okawaru.
 19548 | Lair:1   | Found a transporter.
 19549 | Lair:1   | Found a transporter.
 19549 | Lair:1   | Noticed a boulder beetle
 19707 | Lair:1   | Identified the +1 hat "Konwesso" {Contam rN+ SInv} (Okawaru
                  | gifted it to you on level 1 of the Lair of Beasts)
 19707 | Lair:1   | Received a gift from Okawaru
 21218 | Lair:2   | Identified the +6 ring mail of Bewaink {rC+ rN+ Int+3}
 21265 | Lair:2   | Found a hole to the Spider Nest.
 21278 | Lair:2   | Noticed a seven-headed hydra
 21312 | Lair:2   | Mangled by a seven-headed hydra

Illustrated notes

Levels and vault maps discovered:
D:1:      amcnicky_arrival_double_pillar, layout_loops_ring
D:2:      layout_basic, uniq_robin, uniq_crazy_yiuf_cottage
D:3:      layout_basic, dreamdust_ecumenical_altar_hidden_monk_grotto,
          serial_bayou_crossing, uniq_jessica
D:4:      layout_rooms, minmay_temple_entry_statues_pillars
D:5:      minmay_angry_zag, layout_cave_pods,
          mainiacjoe_overflow_concentric_impassable, serial_shops,
          nicolae_take_the_stairs, nicolae_shop_statue_plus, shop,
          kennysheep_small_spiral, uniq_grinder
D:6:      layout_basic, vehumet_crystals, lemuel_tele_altar, uniq_pikel
D:7:      layout_basic, serial_shops, nicolae_square_shop
D:8:      layout_rooms
D:9:      layout_roguey, minmay_orc_entry_temple_small, st_stairs_2,
          nicolae_figureground_sparkle
D:10:     layout_cave_pods, grunt_lair_entry_orc_guard_hut
Temple:   mainiacjoe_temple_bowtie_tessellation
Lair:1:   gammafunk_boulding_lane, layout_loops_ring, basic_altar, special_room
          [special_room_bee]
Lair:2:   layout_chaotic_city, shoals_dummy_entry, spider_nest_entry_web_field,
          minivault_11, minivault_27, nicolae_lair_lakeside_cave

Skill      XL: |  1  2  3  4  5  6  7  8  9 10 11 |
---------------+----------------------------------+-----
Axes           | 2 3 4 5 6 7 8 9 |  9.9
Armour         | 4 5 6 8 |  8.9
Fighting       | 4 5 6 7 |  7.2
Shields        | 4 5 6 7 8 |  8.1
Invocations    | 2 3 5 6 7 |  7.5
Evocations     | 1 2 4 5 6 |  6.1

Action                   |  1- 3 |  4- 6 |  7- 9 | 10-12 || total
-------------------------+-------+-------+-------+-------++-------
Melee: War axe           |    85 |   166 |   315 |   101 ||   667
       Broad axe         |       |       |       |   314 ||   314
       Morningstar       |       |       |       |     9 ||     9
  Use: Scroll            |     5 |     2 |     6 |     9 ||    22
       Potion            |       |       |     5 |     4 ||     9
 Stab: Held in net/web   |       |       |       |     1 ||     1
Armor: Scale mail        |    42 |   107 |     8 |       ||   157
       Plate armour      |       |       |   192 |   365 ||   557
       Ring mail         |       |       |       |    73 ||    73
Dodge: Dodged            |    40 |    97 |    77 |   168 ||   382
Block: Buckler           |    21 |    57 |   179 |   329 ||   586
       Reflection        |       |       |     4 |     2 ||     6

Table legend: (Time is in decaauts)
 A = Elapsed time spent in this place.
 B = Non-inter-level travel time spent in this place.
 C = Inter-level travel time spent in this place.
 D = Time resting spent in this place.
 E = Time spent auto-exploring this place.
 F = Levels seen in this place.
 G = Mean time per level.
                   A        B        C        D        E       F      G
               +--------+--------+--------+--------+--------+-----+--------+
         Total |  21559 |  21133 |    426 |  10944 |   7185 |  13 | 1658.4 |
       Dungeon |  19677 |  19309 |    368 |  10248 |   6451 |  10 | 1967.7 |
        Temple |     94 |     65 |     29 |      0 |     54 |   1 |   94.0 |
          Lair |   1786 |   1757 |     29 |    696 |    680 |   2 |  893.0 |
               +--------+--------+--------+--------+--------+-----+--------+

Top non-repeatable levels by time:
    D:10: 3038 daAuts
     D:5: 2736 daAuts
     D:8: 2638 daAuts
     D:1: 1989 daAuts
     D:4: 1982 daAuts
     D:6: 1916 daAuts
     D:7: 1701 daAuts
     D:3: 1681 daAuts
  Lair:1: 1681 daAuts
     D:9: 1017 daAuts
     D:2: 974 daAuts
  Lair:2: 105 daAuts
  Temple: 94 daAuts
